 Dungeon Crawl Stone Soup version 0.24-a0-496-gbe733cd003 (webtiles) character file.

Game seed: 12545995157002361382

4211 Akello the Cleaver (level 10, 0/91 HPs)
             Began as a Hill Orc Fighter on July 13, 2019.
             Was a Follower of Beogh.
             Slain by Snorg (10 damage)
             ... on level 10 of the Dungeon.
             The game lasted 00:13:19 (9998 turns).

Akello the Cleaver (Hill Orc Fighter)               Turns: 9998, Time: 00:13:20

Health: 0/91       AC: 19    Str: 23    XL:     10   Next: 29%
Magic:  20/22      EV:  5    Int: 10    God:    Beogh [*.....]
Gold:   374        SH: 11    Dex: 12    Spells: 9/9 levels left

rFire    . . .     SeeInvis .   a - +1 war axe
rCold    . . .     Gourm    .   c - +0 shield
rNeg     . . .     Faith    .   E - +0 plate armour
rPois    .         Spirit   .   G - +2 helmet
rElec    .         Reflect  .   h - +1 cloak
rCorr    +         Harm     .   (no gloves)
MR       .....                  (no boots)
Stlth    ..........             (no amulet)
HPRegen  0.25/turn              l - ring of resist corrosion
MPRegen  0.18/turn              D - ring of magical power

@: very slightly contaminated
A: agile 1, clever 1
a: Renounce Religion


You were on level 10 of the Dungeon.
You worshipped Beogh.
Beogh was aware of your devotion.
You were hungry.

You visited 1 branch of the dungeon, and saw 10 of its levels.
You also visited: Sewer.

You collected 497 gold pieces.
You spent 123 gold pieces at shops.

Inventory:

Hand Weapons
 a - a +1 war axe (weapon)
 J - a +0 hand crossbow
Missiles
 B - 8 javelins (quivered)
Armour
 b - a +0 scale mail
 c - a +0 shield (worn)
 h - a +1 cloak (worn)
 E - a +0 plate armour (worn)
 G - a +2 helmet (worn)
Jewellery
 l - a ring of resist corrosion (left hand)
 p - an uncursed ring of ice
 D - a ring of magical power (right hand)
 H - a +5 ring of dexterity
Wands
 d - a wand of flame (21)
 g - a wand of iceblast (7)
Scrolls
 e - 6 scrolls of teleportation
 i - 11 scrolls of identify
 k - 4 scrolls of magic mapping
 m - 2 scrolls of enchant weapon
 o - 4 scrolls of remove curse
 r - 5 scrolls of amnesia
 t - 3 scrolls of blinking
 u - 2 scrolls of fog
 z - 2 scrolls of summoning
Potions
 j - 2 potions of curing
 q - a potion of haste
 s - a potion of ambrosia
 v - 3 potions of brilliance
 w - 2 potions of agility
 C - a potion of resistance
Comestibles
 f - 14 rations


   Skills:
 + Level 9.2 Fighting
 + Level 9.6 Axes
 + Level 8.4 Armour
 + Level 8.4 Shields
 + Level 5.0 Invocations


You had 9 spell levels left.
You didn't know any spells.
Your spell library contained the following spells:

 Spells                   Type           Power        Failure   Level  Hunger
 Corona                   Hex            #......      100%        1    ##.....
 Ensorcelled Hibernation  Hex/Ice        #.....       100%        2    ###....
 Confuse                  Hex            #.......     100%        3    ####...
 Dazzling Spray           Conj/Hex       #.....       100%        3    ####...
 Tukima's Dance           Hex            #.......     100%        3    ####...


Dungeon Overview and Level Annotations

Branches:
Dungeon (10/15)            Temple (0/1) D:4
   Lair: D:8-11         Orc: D:9-12

Altars:
Cheibriados
Dithmenos
Elyvilon
Fedhas
Hepliaklqana
Nemelex Xobeh
Qazlal
Sif Muna
Trog
Uskayaw
Wu Jian
Xom
Yredelemnul
The Shining One

Shops:
D:6 [   D:8 ?

Annotations:
D:5 2 transporters, exclusion: door
D:10 Snorg


Innate Abilities, Weirdness & Mutations

You are agile. (Dex +2)
Your mind is acute. (Int +2)


Message History

Your shield and plate armour prevent you from hitting Snorg.
Snorg is moderately wounded.
You block Snorg's attack. x2; Snorg claws you.
Snorg bites you!
* * * LOW HITPOINT WARNING * * *
Snorg claws you.
* * * LOW HITPOINT WARNING * * *
You block Snorg's attack.
Blink to where?
Press: ? - help, Dir - move target cursor, p - Snorg You are very lightly contaminated with residual magic.
As you read the scroll of blinking, it crumbles to dust.
Snorg rages.
Blink to where?
Press: ? - help, Dir - move target cursor
As you read the scroll of blinking, it crumbles to dust.
You are feeling hungry.
Snorg bites you!!
* * * LOW HITPOINT WARNING * * *
Snorg claws you but does no damage. Snorg claws you!
You die...

.......T.....# #.
#...########.# #.# #
#.# #.# #.# #.# #.#
#(# #.# #.# #.#
##.###############.#
#...@T.............#
#..###########.###.##
#).# #######.## ##.#
#..####...[...#####.#
#.)..##รท#####.##.##.#
##.#.##.# ##..#(...
#.#.##.#######...##.
#.#.##.....####(###.
#...............# ##


You could see Snorg (berserk).

Vanquished Creatures
  A troll (D:10)
  Sigmund (D:3)
  A wyvern (D:8)
  A hungry ghost (D:6)
  Purgy (Sewer)
  A black bear (D:9)
  2 orc warriors
  2 sky beasts
  A hornet zombie (D:9)
  3 phantoms
  2 ice beasts
  An ogre (D:9)
  3 centaurs
  A big kobold (D:9)
  3 bullfrogs
  3 scorpions
  5 killer bees
  5 wights (D:9)
  An electric eel (D:8)
  2 crimson imps
  A quasit (D:8)
  A bullfrog zombie (D:8)
  6 hounds
  3 centaur skeletons
  3 jellies
  2 iguanas
  4 orc wizards
  5 worker ants
  A killer bee zombie (D:7)
  7 gnolls
  23 adders
  A howler monkey skeleton (D:9)
  4 shadow imps
  2 adder skeletons (D:4)
  4 worms
  6 leopard geckos
  22 orcs
  14 bats
  6 giant cockroaches
  13 goblins
  7 hobgoblins
  8 jackals
  4 quokkas
  3 ball pythons
  A frilled lizard (D:2)
  15 kobolds
  9 rats
215 creatures vanquished.

Vanquished Creatures (others)
  A bullfrog (D:7)
  An orc priest (D:7)
  2 orc wizards
  An orc (D:7)
5 creatures vanquished.

Grand Total: 220 creatures vanquished

Notes
Turn   | Place    | Note
-------+----------+-------------------------------------------
     0 | D:1      | Akello the Hill Orc Fighter began the quest for the Orb.
     0 | D:1      | Reached XP level 1. HP: 19/19 MP: 1/1
   206 | D:1      | Reached XP level 2. HP: 27/27 MP: 2/2
   468 | D:1      | Reached XP level 3. HP: 33/33 MP: 3/3
   861 | D:2      | Found an ornate altar of the Wu Jian Council.
  1261 | D:2      | Reached XP level 4. HP: 40/40 MP: 4/4
  1935 | D:3      | Reached XP level 5. HP: 8/47 MP: 5/5
  2208 | D:3      | Found a basalt altar of Yredelemnul.
  2405 | D:3      | Noticed Sigmund
  2418 | D:3      | Killed Sigmund
  2418 | D:3      | Reached skill level 5 in Fighting
  2418 | D:3      | Reached skill level 5 in Axes
  2418 | D:3      | Reached XP level 6. HP: 14/56 MP: 6/6
  2828 | D:3      | Found a hazy altar of Hepliaklqana.
  2962 | D:4      | Found a staircase to the Ecumenical Temple.
  2963 | D:4      | Noticed a phantom
  2985 | D:4      | Killed a phantom
  2985 | D:4      | Reached skill level 5 in Armour
  2985 | D:4      | Reached skill level 5 in Shields
  2985 | D:4      | Reached XP level 7. HP: 59/61 MP: 7/7
  3430 | D:4      | Found a glowing drain.
  3512 | Sewer    | Entered a sewer
  3535 | Sewer    | Noticed Purgy
  3543 | Sewer    | Killed Purgy
  4189 | D:5      | Entered Level 5 of the Dungeon
  4395 | D:5      | Found a deep blue altar of Sif Muna.
  4493 | D:5      | Found a transporter.
  4557 | D:5      | Reached XP level 8. HP: 38/71 MP: 8/8
  4766 | D:5      | Found a transporter.
  5148 | D:6      | Found Emutes's Antique Armour Boutique.
  5221 | D:6      | Found a sparkling altar of Nemelex Xobeh.
  6015 | D:7      | Became a worshipper of Beogh the Brigand
  6773 | D:7      | Found a shimmering altar of Xom.
  6855 | D:7      | You fall into a shaft and drop 1 floor!
  6887 | D:8      | Reached XP level 9. HP: 72/79 MP: 9/9
  7169 | D:8      | Reached skill level 1 in Invocations
  7210 | D:8      | Reached * piety under Beogh
  7402 | D:8      | Found a white marble altar of Elyvilon.
  7588 | D:8      | Found Seemnoc's Magic Scroll Shoppe.
  7592 | D:8      | Bought a scroll of summoning for 123 gold pieces
  7606 | D:8      | Gained mutation: Your mind is acute. (Int +2) [potion of
                  | mutation]
  7606 | D:8      | Gained mutation: You are agile. (Dex +2) [potion of
                  | mutation]
  7785 | D:8      | Found a bloodstained altar of Trog.
  8067 | D:9      | Found a blossoming altar of Fedhas.
  8114 | D:9      | Found a glowing golden altar of the Shining One.
  8115 | D:9      | Found a stormy altar of Qazlal.
  8115 | D:9      | Found a hide-covered altar of Uskayaw.
  8115 | D:9      | Found a snail-covered altar of Cheibriados.
  8600 | D:9      | Found a shadowy altar of Dithmenos.
  8616 | D:9      | Reached ** piety under Beogh
  8738 | D:9      | Reached XP level 10. HP: 8/90 MP: 13/13
  9641 | D:10     | Entered Level 10 of the Dungeon
  9689 | D:10     | Reached skill level 5 in Invocations
  9972 | D:10     | Noticed Snorg
  9998 | D:10     | Slain by Snorg

Levels and vault maps discovered:
D:1:      dpeg_arrival_solitude, layout_loops_ring, st_stairs_8, chequers_garden
D:2:      minmay_inner_zag, layout_loops_corners, overflow_temple_1_default
D:3:      layout_rooms, lemuel_doored_altar, nicolae_overflow_hidden_temple,
          first_ration, uniq_sigmund
D:4:      minmay_chambers_of_twos, layout_basic,
          minmay_temple_entry_statues_fountains, cheibrodos_sewer_entry_sluice,
          lemuel_old_faithful
D:5:      gammafunk_cloud_chamber, layout_loops_ring, led_sif_book
D:6:      layout_loops_corners, serial_shops, shop_statue,
          nemelex_spade_bored_becter
D:7:      layout_basic, kennysheep_little_box
D:8:      cheibrodos_helix_gallery, layout_basic, old_standard_altar,
          overflow_temple_1_default, serial_shops, nicolae_shop_trees,
          minmay_crystal_room, minivault_24
D:9:      layout_cave_pods, marbit_many_paths, nicolae_dithmenos_shadow_blocks,
          chequers_temple_overflow_statue_of_worship
D:10:     layout_loops_ring, orc_david_3, grunt_pizzeria, uniq_erolcha,
          uniq_snorg

Skill      XL: |  1  2  3  4  5  6  7  8  9 10 |
---------------+-------------------------------+-----
Axes           | 3 4 5 6 7 9 |  9.6
Fighting       | 4 5 6 7 8 9 |  9.2
Armour         | 4 5 6 8 |  8.4
Shields        | 4 5 7 8 |  8.4
Invocations    | 4 5 |  5.0

Action                   |  1- 3 |  4- 6 |  7- 9 | 10-12 || total
-------------------------+-------+-------+-------+-------++-------
Melee: War axe           |   118 |   132 |   554 |    80 ||   884
Throw: Javelin           |       |       |       |     2 ||     2
Invok: Convert to Beogh  |       |       |     1 |       ||     1
       Smiting           |       |       |       |     3 ||     3
  Use: Potion            |       |     4 |     8 |     2 ||    14
       Scroll            |       |       |    12 |     3 ||    15
  Eat: Chunk             |     1 |     6 |    12 |     1 ||    20
       Ration            |       |       |     4 |     1 ||     5
Armor: Scale mail        |    64 |    55 |    77 |       ||   196
       Plate armour      |       |       |   272 |    67 ||   339
Dodge: Dodged            |    35 |    47 |   135 |    26 ||   243
Block: Shield            |    61 |    64 |   345 |    68 ||   538

Table legend:
 A = Non-vault XP
 B = Vault XP
 C = Vault XP percentage of total XP
 D = Non-vault monster count
 E = Vault monster count
 F = Vault count percentage of total count
                 A         B        C        D         E       F
            +---------+---------+-------+---------+---------+-------
      Total |    5463 |     554 |   9.2 |     195 |      21 |   9.7
            +---------+---------+-------+---------+---------+-------
        D:1 |      36 |       2 |   5.3 |      21 |       1 |   4.5
        D:2 |      58 |       6 |   9.4 |      18 |       5 |  21.7
        D:3 |     151 |     238 |  61.2 |      32 |       1 |   3.0
        D:4 |     352 |      98 |  21.8 |      16 |       6 |  27.3
        D:5 |     186 |       0 |   0.0 |      10 |       0 |   0.0
        D:6 |     737 |       0 |   0.0 |      15 |       0 |   0.0
        D:7 |     326 |       0 |   0.0 |      13 |       0 |   0.0
        D:8 |    1227 |      53 |   4.1 |      22 |       2 |   8.3
        D:9 |    1823 |       0 |   0.0 |      42 |       0 |   0.0
       D:10 |     567 |       0 |   0.0 |       6 |       0 |   0.0
      Sewer |       0 |     157 | 100.0 |       0 |       6 | 100.0
            +---------+---------+-------+---------+---------+-------
